 Dungeon Crawl Stone Soup version 0.27.1-35-g4d5d836560 (webtiles) character file.

Game seed: 14283903058417851965

406 gzilladon the Shield-Bearer (level 6, -1/53 HPs)
             Began as a Gnoll Fighter on Oct 11, 2022.
             Splashed by Ijyb's acid (16 damage)
             ... on level 4 of the Dungeon.
             The game lasted 00:11:15 (4122 turns).

gzilladon the Shield-Bearer (Gnoll Fighter)         Turns: 4122, Time: 00:11:16

Health: -1/53      AC:  9    Str: 17    XL:     6   Next: 87%
Magic:  9/9        EV:  4    Int:  8    God:
Gold:   161        SH: 10    Dex: 11    Spells: 9/9 levels left

rFire    . . .     SeeInvis .   a - +0 war axe
rCold    . . .     Faith    .   c - +0 kite shield
rNeg     . . .     Spirit   .   l - +0 plate armour
rPois    .         Reflect  .   (no helmet)
rElec    .         Harm     .   (no cloak)
rCorr    .         Rampage  .   (no gloves)
Will     .....                  (no boots)
Stlth    ..........             (no amulet)
HPRegen  0.17/turn              (no ring)
MPRegen  0.11/turn              (no ring)

@: corroded
A: fangs 1, strong nose, distributed training
a: no special abilities


You were on level 4 of the Dungeon.
You visited 1 branch of the dungeon, and saw 4 of its levels.

You collected 161 gold pieces.

Inventory:

Hand Weapons
 a - a +0 war axe (weapon)
Missiles
 e - 117 stones (quivered)
Armour
 b - a +0 scale mail
 c - a +0 kite shield (worn)
 l - a +0 plate armour (worn)
Scrolls
 f - 5 scrolls of identify {unknown}
 h - a scroll of enchant armour {unknown}
 k - 3 scrolls of teleportation {unknown}
 m - a scroll of noise {unknown}
 o - a scroll of holy word {unknown}
Potions
 d - a potion of might
 g - a potion of flight {unknown}
 i - 2 potions of curing {unknown}
 j - a potion of degeneration {unknown}
 n - a potion of resistance {unknown}


   Skills:
 + Level 6.9 Fighting
 + Level 2.1 Short Blades
 + Level 2.1 Long Blades
 + Level 5.0 Axes
 + Level 2.1 Maces & Flails
 + Level 2.1 Polearms
 + Level 2.1 Staves
 + Level 2.1 Slings
 + Level 2.1 Bows
 + Level 2.1 Crossbows
 + Level 2.1 Throwing
 + Level 6.9 Armour
 + Level 2.1 Dodging
 + Level 2.1 Stealth
 + Level 6.9 Shields
 + Level 2.1 Unarmed Combat
 + Level 2.1 Spellcasting
 + Level 1.7 Conjurations
 + Level 1.7 Hexes
 + Level 1.7 Summonings
 + Level 1.7 Necromancy
 + Level 1.7 Translocations
 + Level 1.7 Transmutations
 + Level 1.7 Fire Magic
 + Level 1.7 Ice Magic
 + Level 1.7 Air Magic
 + Level 1.7 Earth Magic
 + Level 1.7 Poison Magic
 + Level 2.3 Invocations
 + Level 2.1 Evocations


You had 9 spell levels left.
You didn't know any spells.
Your spell library contained the following spells:

 Spells                   Type           Power      Damage    Failure   Level
 Corona                   Hex            3%         N/A       100%        1
 Ensorcelled Hibernation  Hex/Ice        6%         N/A       100%        2
 Call Canine Familiar     Summ           3%         N/A       100%        3
 Portal Projectile        Hex/Tloc       6%         N/A       100%        3
 Tukima's Dance           Hex            3%         N/A       100%        3
 Leda's Liquefaction      Hex/Erth       1%         N/A       100%        4


Dungeon Overview and Level Annotations

Branches:
Dungeon (4/15)
 Temple: D:4-7

Altars:
Okawaru

Shops:
D:2 :   D:4 ?

Annotations:
D:4 Ijyb


Innate Abilities, Weirdness & Mutations

You have very sharp teeth.
Your uncanny sense of smell can sniff out nearby items.
Your experience applies equally to all skills.


Message History

The centaur is severely wounded.
The centaur hits you. The centaur barely misses you.
You block the centaur's attack.
The centaur kicks you but does no damage.
You hit the centaur. Your bite misses the centaur.
The centaur is severely wounded.
The centaur hits you but does no damage.
You block the centaur's attack. x2
The centaur kicks you but does no damage.
You hit the centaur but do no damage.
The centaur is severely wounded.
The centaur hits you but does no damage.
The centaur kicks you but does no damage.
The centaur hits you but does no damage.
The centaur kicks you but does no damage.
You slash the centaur!
You kill the centaur!
You start resting.
HP restored.
Things that are here:
a +0 shortbow; 20 arrows; a centaur corpse You now have 161 gold pieces (gained 10).
Ijyb the Twisted Goblin comes into view.
She is wielding a +4 dagger of speed and carrying a wand of acid (7).
You hit Ijyb but do no damage. You block Ijyb's attack.
You slash Ijyb!
Ijyb is moderately wounded.
You block Ijyb's attack.
Ijyb zaps a wand.
The bolt of acid hits you. The acid corrodes you!
You are splashed with acid!
You hit Ijyb.
Ijyb is heavily wounded.
Ijyb hits you with a +4 dagger of speed. x2
You hit Ijyb but do no damage. You bite Ijyb, but do no damage.
Ijyb is heavily wounded.
You block Ijyb's attack. x2
You slash Ijyb!
Ijyb is severely wounded.
You block Ijyb's attack.
Ijyb zaps a wand.
The bolt of acid hits you!
* * * LOW HITPOINT WARNING * * *
You are splashed with acid!
You die...

... # .. .##...##
#.#####........
#..#8.8.8......
#....⌠.⌠..# ..#
##...8.∩.8# #.#
##...g.⌠.⌠.## #.######
#....@8.8.8.###..##...
....###.....#.........##
# ##....##......####
#....##.......#
##.............#
#.....).#....#..#
#.........###..###.###
#..##.....## ##.# #....
#.. #..#.... #.# #....


You could see Ijyb.

Vanquished Creatures
  A black bear (D:4)
  A centaur (D:4)
  A scorpion (D:4)
  A bullfrog zombie (D:4)
  A hound skeleton (D:2)
  3 gnolls (D:3)
  3 adders
  4 worms
  A dart slug (D:2)
  2 orcs
  7 ball pythons
  3 bats
  4 endoplasms
  2 giant cockroaches
  2 goblins (D:2)
  8 hobgoblins
  3 jackals (D:3)
  5 kobolds
  3 quokkas
  A frilled lizard (D:1)
  2 rats (D:3)
58 creatures vanquished.

Notes
Turn   | Place    | Note
-------+----------+-------------------------------------------
     0 | D:1      | gzilladon the Gnoll Fighter began the quest for the Orb.
     0 | D:1      | Reached XP level 1. HP: 23/23 MP: 1/1
   137 | D:1      | Reached XP level 2. HP: 28/29 MP: 2/2
   880 | D:2      | Reached XP level 3. HP: 35/35 MP: 3/3
  1138 | D:2      | Reached skill level 1 in Invocations
  1207 | D:2      | Found Sed Nuukead's Book Emporium.
  1488 | D:2      | Reached skill level 1 in Short Blades
  1488 | D:2      | Reached skill level 1 in Long Blades
  1488 | D:2      | Reached skill level 1 in Maces & Flails
  1488 | D:2      | Reached skill level 1 in Polearms
  1488 | D:2      | Reached skill level 1 in Staves
  1488 | D:2      | Reached skill level 1 in Slings
  1488 | D:2      | Reached skill level 1 in Bows
  1488 | D:2      | Reached skill level 1 in Crossbows
  1488 | D:2      | Reached skill level 1 in Throwing
  1488 | D:2      | Reached skill level 1 in Dodging
  1488 | D:2      | Reached skill level 1 in Stealth
  1488 | D:2      | Reached skill level 1 in Unarmed Combat
  1488 | D:2      | Reached skill level 1 in Spellcasting
  1488 | D:2      | Reached skill level 1 in Evocations
  1632 | D:2      | Reached XP level 4. HP: 37/41 MP: 5/5
  2424 | D:3      | Found a faded altar of an unknown god.
  2440 | D:3      | Reached skill level 1 in Conjurations
  2440 | D:3      | Reached skill level 1 in Hexes
  2440 | D:3      | Reached skill level 1 in Summonings
  2440 | D:3      | Reached skill level 1 in Necromancy
  2440 | D:3      | Reached skill level 1 in Translocations
  2440 | D:3      | Reached skill level 1 in Transmutations
  2440 | D:3      | Reached skill level 1 in Fire Magic
  2440 | D:3      | Reached skill level 1 in Ice Magic
  2440 | D:3      | Reached skill level 1 in Air Magic
  2440 | D:3      | Reached skill level 1 in Earth Magic
  2440 | D:3      | Reached skill level 1 in Poison Magic
  2725 | D:3      | Reached XP level 5. HP: 46/47 MP: 6/6
  2957 | D:3      | Found an iron altar of Okawaru.
  3517 | D:4      | Noticed a black bear
  3524 | D:4      | Killed a black bear
  3525 | D:4      | Reached XP level 6. HP: 49/53 MP: 8/8
  3864 | D:4      | Reached skill level 5 in Axes
  3930 | D:4      | Found Mil Focu's Magic Scroll Emporium.
  4113 | D:4      | Noticed Ijyb
  4122 | D:4      | Splashed by Ijyb's acid

Illustrated notes

Levels and vault maps discovered:
D:1:      dpeg_arrival_orchard, layout_basic, hex_tiny
D:2:      layout_basic, serial_shops, nicolae_lakefront_shop, minmay_tripent
D:3:      layout_loops_ring, okawaru_gym_becter,
          ebering_ecumenical_altar_sacrificial
D:4:      kennysheep_six_static_rooms, layout_layer_cave, zin_angel,
          serial_shops, nicolae_shop_temple_entry_statues_fountains,
          uniq_natasha, uniq_ijyb

Skill      XL: |  1  2  3  4  5  6 |
---------------+-------------------+-----
Invocations    | 1 2 |  2.3
Short Blades   | 1 2 |  2.1
Long Blades    | 1 2 |  2.1
Maces & Flails | 1 2 |  2.1
Polearms       | 1 2 |  2.1
Staves         | 1 2 |  2.1
Slings         | 1 2 |  2.1
Bows           | 1 2 |  2.1
Crossbows      | 1 2 |  2.1
Throwing       | 1 2 |  2.1
Dodging        | 1 2 |  2.1
Stealth        | 1 2 |  2.1
Unarmed Combat | 1 2 |  2.1
Spellcasting   | 1 2 |  2.1
Evocations     | 1 2 |  2.1
Conjurations   | 1 |  1.7
Hexes          | 1 |  1.7
Summonings     | 1 |  1.7
Necromancy     | 1 |  1.7
Translocations | 1 |  1.7
Transmutations | 1 |  1.7
Fire Magic     | 1 |  1.7
Ice Magic      | 1 |  1.7
Air Magic      | 1 |  1.7
Earth Magic    | 1 |  1.7
Poison Magic   | 1 |  1.7
Axes           | 5 |  5.0
Fighting       | |  6.9
Armour         | |  6.9
Shields        | |  6.9

Action                   |  1- 3 |  4- 6 || total
-------------------------+-------+-------++-------
Melee: War axe           |    92 |   124 ||   216
       Bite              |    10 |     5 ||    15
Armor: Scale mail        |    37 |       ||    37
       Plate armour      |     7 |   102 ||   109
Dodge: Dodged            |    29 |    22 ||    51
Block: Kite shield       |    65 |   102 ||   167
